 Dungeon Crawl Stone Soup version 0.18-a0-1292-ge8ad84c (webtiles) character file.

694 namelastname112 the Cudgeler (level 7, -3/61 HPs)
             Began as a Black Draconian Chaos Knight on Feb 9, 2016.
             Slain by an ice beast (12 damage)
             ... on level 6 of the Dungeon.
             The game lasted 00:11:20 (6076 turns).

namelastname112 the Cudgeler (DrCK)                 Turns: 6076, Time: 00:11:22

Health: -3/61      AC:  6    Str: 14    XL:     7   Next: 37%
Magic:  7/7        EV: 13    Int: 13    God:    Xom [..*...]
Gold:   442        SH:  0    Dex: 12    Spells: 0 memorised, 6 levels left

rFire  . . .     SeeInvis .     a - +0 mace (chaos)
rCold  . . .     Gourm    .     (armour unavailable)
rNeg   . . .     Faith    .     (no shield)
rPois  .         Spirit   .     (helmet restricted)
rElec  +         Dismiss  .     (no cloak)
rCorr  .         Reflect  .     (no gloves)
SustAt .         Harm     .     (no boots)
MR     .....     Clarity  +     c - amulet of rage
Stlth  +.........               g - ring of flight
                                (no ring)

@: drained, not resistant to hostile enchantments, very unstealthy
A: breathe lightning, unfitting armour, talons 2, clarity, electricity
resistance, cold-blooded, AC +6
a: Breathe Lightning, Renounce Religion, Evoke Berserk Rage, Evoke Flight


You were on level 6 of the Dungeon.
You worshipped Xom.
You were a toy of Xom.
You were not hungry.

You visited 1 branch of the dungeon, and saw 6 of its levels.
You also visited: Sewer.

You collected 442 gold pieces.

Inventory:

Hand Weapons
 a - a +0 mace of chaos (weapon)
 d - a +0 whip of venom
 o - a +0 quarterstaff
Jewellery
 c - an amulet of rage (around neck)
 g - a ring of flight (right hand)
 i - an uncursed ring of positive energy {unknown}
 m - an uncursed ring of magical power
 q - an uncursed ring of fire
Wands
 l - a wand of digging (11/24)
 v - a wand of confusion (18/48)
Scrolls
 e - 3 scrolls of noise {unknown}
 f - 5 scrolls of remove curse {unknown}
 j - 5 scrolls of identify {unknown}
 k - a scroll of enchant weapon {unknown}
 p - a scroll of recharging {unknown}
 x - a scroll of fog {unknown}
 y - 2 scrolls of fear {unknown}
 A - 4 scrolls of teleportation {unknown}
Potions
 h - 3 potions of degeneration {unknown}
 n - 7 potions of flight
 r - a potion of lignification
Books
 s - a book of Dreams

   Spells                             Type                      Level
   a - Ensorcelled Hibernation        Hexes/Ice                    2
   b - Phase Shift                    Translocation                5
   c - Silence                        Hexes/Air                    5
   d - Darkness                       Hexes                        6
   e - Mass Confusion                 Hexes                        6
   f - Shadow Creatures               Summoning                    6
Comestibles
 b - 3 bread rations
 u - 2 fruits


   Skills:
 + Level 5.1(4.9) Fighting
 - Level 6.1(5.9) Maces & Flails
 * Level 0.0(3.5) Staves
 + Level 2.5(2.3) Throwing
 + Level 4.0(3.8) Dodging


You had 6 spell levels left.
You didn't know any spells.

Dungeon Overview and Level Annotations

Branches:
Dungeon (6/15)             Temple (0/1) D:5

Altars:
Qazlal
Trog


Innate Abilities, Weirdness & Mutations

You can breathe wild blasts of lightning.
Your glossy black scales are hard (AC +6).
Your body does not fit into most forms of armour.
You are resistant to electric shocks.
You are cold-blooded and may be slowed by cold attacks.
You have razor-sharp toenails.
You possess an exceptional clarity of mind.


Message History

The ice beast is moderately wounded.
The ice beast barely misses you.
The ice beast hits you but does no damage.
You hit the ice beast.
The ice beast is poisoned.
Your kick misses the ice beast.
The ice beast is moderately wounded.
You feel yourself speed up. The ice beast completely misses you.
You closely miss the ice beast.
The ice beast is moderately wounded.
The ice beast hits you. The ice beast freezes you!
You hit the ice beast but do no damage. Your kick misses the ice beast.
The ice beast is moderately wounded.
The ice beast hits you. The ice beast freezes you!
* * * LOW HITPOINT WARNING * * *
The ice beast hits you.
* * * LOW HITPOINT WARNING * * *
The ice beast freezes you!
You die...
Xom snickers!

#.........##.#
##...#........l##.#
....#...>.(..(#..#
............(..##
..............# #
#........?.....(#
...###................#
#.......................
#.....Y@................
.........<..........>...
#..........)............
.................
.................
#............!...
####..##.....#... #.#
####.##.#. #. .# .


You could see an ice beast.

Vanquished Creatures
  A black bear (D:5)
  A centaur (D:6)
  A scorpion (D:4)
  2 wights
  A crimson imp (D:5)
  A hound (D:5)
  An orc priest (D:5)
  An iguana (D:4)
  An orc wizard (D:4)
  7 adders
  4 oozes
  An adder zombie (D:6)
  2 adder skeletons
  3 worms (Sewer)
  4 giant geckos
  16 orcs
  7 giant cockroaches
  6 goblins
  7 hobgoblins
  16 jackals
  5 quokkas
  A ball python (D:3)
  13 bats
  8 giant newts
  A jackal zombie (D:5)
  6 kobolds
  A quokka skeleton (D:4)
  6 rats
124 creatures vanquished.

Vanquished Creatures (collateral kills)
  4 gnolls (D:2)
4 creatures vanquished.

Vanquished Creatures (others)
  A centaur (D:4)
  2 orcs (D:5)
  2 kobolds (D:3)
5 creatures vanquished.

Grand Total: 133 creatures vanquished

Notes
Turn   | Place    | Note
--------------------------------------------------------------
     0 | D:1      | namelastname112 the Draconian Chaos Knight began the quest for the Orb.
     0 | D:1      | Reached XP level 1. HP: 19/19 MP: 1/1
    31 | D:1      | Reached XP level 2. HP: 19/26 MP: 2/2
   127 | D:1      | XOM: butterfly on damage
   180 | D:1      | XOM: divination: magic mapping
   487 | D:1      | Reached XP level 3. HP: 31/31 MP: 3/3
   524 | D:1      | XOM is BORED!
   524 | D:1      | XOM: mild Chrm miscast
   667 | D:2      | XOM: summons friendly quasit
   877 | D:2      | Reached skill level 1 in Throwing
   911 | D:2      | Noticed a water elemental
   913 | D:2      | Found a stormy altar of Qazlal.
   916 | D:2      | Noticed an air elemental
   916 | D:2      | Noticed a fire elemental
   916 | D:2      | Noticed an earth elemental
   938 | D:2      | Found a bloodstained altar of Trog.
   943 | D:2      | Reached XP level 4. HP: 36/40 MP: 4/4
   950 | D:2      | Reached skill level 4 in Maces & Flails
  1568 | D:3      | XOM: noise
  1580 | D:3      | HP: 2/40 [poisoned by a kobold]
  1600 | D:3      | XOM: destruction
  1745 | D:3      | XOM: silly message
  1860 | D:3      | XOM: polymorph goblin -> ball python
  2197 | D:3      | XOM: scenery: 1 doors close
  2251 | D:3      | XOM: mild Divn miscast
  2685 | D:3      | Found a bloodstained altar of Trog.
  2893 | D:4      | XOM: chaos upgrade
  2909 | D:4      | Reached XP level 5. HP: 27/46 MP: 5/5
  3191 | D:4      | XOM: give mutations
  3191 | D:4      | Gained mutation: You possess an exceptional clarity of mind. [Xom's grace]
  3191 | D:4      | Gained mutation: You are agile. (Dex +2) [Xom's grace]
  3191 | D:4      | Gained mutation: You have sharp toenails. [Xom's grace]
  3191 | D:4      | Gained mutation: You have razor-sharp toenails. [Xom's grace]
  3262 | D:4      | XOM: vitrification
  3345 | D:4      | XOM: fog
  3353 | D:4      | XOM: smoke on damage
  3635 | D:4      | Noticed a centaur
  3639 | D:4      | Killed a centaur
  3639 | D:4      | XOM: divine lightning (protected)
  3796 | D:5      | Entered Level 5 of the Dungeon
  3802 | D:5      | Reached XP level 6. HP: 53/53 MP: 6/6
  3857 | D:5      | Reached skill level 5 in Maces & Flails
  3920 | D:5      | Found a staircase to the Ecumenical Temple.
  3969 | D:5      | Got a jewelled dagger
  3970 | D:5      | Identified the +6 dagger of Honour {drain, Fragile Int+4} (You found it on level 5 of the Dungeon)
  4009 | D:5      | XOM: destruction
  4111 | D:5      | Found a glowing drain.
  4132 | Sewer    | Entered a sewer
  4322 | Sewer    | XOM: give mutation
  4322 | Sewer    | Lost mutation: You are agile. (Dex +2) [Xom's mischief]
  4482 | Sewer    | XOM: cast spell 'Statue Form'
  4879 | Sewer    | XOM is BORED!
  4879 | Sewer    | XOM: medium Conj miscast
  5195 | D:5      | XOM: mild Air miscast
  5203 | D:5      | XOM: mild Tloc miscast
  5218 | D:4      | XOM: medium Summ miscast
  5219 | D:4      | Noticed a neqoxec
  5226 | D:4      | XOM: silly message
  5537 | D:4      | XOM: noise
  5693 | D:6      | Reached XP level 7. HP: 19/60 MP: 7/7
  5693 | D:6      | Your scales start taking on a glossy black colour.
  5693 | D:6      | Gained mutation: You are resistant to electric shocks. [Black Draconian growth]
  5712 | D:6      | XOM: enchant monster (bad)
  5735 | D:5      | HP: 3/60 [black bear (5)]
  5737 | D:5      | HP: 1/60 [black bear (3)]
  5738 | D:5      | XOM: potion effect (curing)
  5742 | D:5      | Reached skill level 5 in Fighting
  5742 | D:5      | Reached skill level 6 in Maces & Flails
  6076 | D:6      | Slain by an ice beast

Vault maps used:
D:1:      saegor_arrival_miasma, hangedman_decor_riveting
D:2:      nicolae_overflow_hidden_temple, nicolae_qazlal_style_of_elements
D:3:      first_bread, trog_three_pillars_becter
D:5:      minmay_temple_entry_statues_pillars, portal_sewer_entry_d,
          serial_bayou_crossing
D:6:      grunt_temple_overflow_opulence, lightli_church_of_beogh
Sewer:    sewer_fruit_machine

Action                   |  1- 3 |  4- 6 |  7- 9 || total
-------------------------+-------+-------+-------++-------
Melee: Mace              |    74 |    78 |    12 ||   164
       Whip              |       |   220 |    11 ||   231
       Dagger            |       |    30 |       ||    30
 Abil: Evoke Berserk Rag |       |     2 |       ||     2
       Evoke Flight      |       |     2 |       ||     2
  Use: Potion            |       |     2 |     5 ||     7
 Stab: Sleeping          |       |     2 |       ||     2
       Invisible         |       |       |     2 ||     2
  Eat: Chunk             |       |    14 |     2 ||    16
       Pizza             |       |     1 |       ||     1
       Beef jerky        |       |     1 |       ||     1
